 Dungeon Crawl Stone Soup version 0.21-a0-531-gacddea6 (webtiles) character file.

107 kae the Ruffian (level 4, -7/67 HPs)
             Began as a Troll Monk on Dec 13, 2017.
             Mangled by kae's ghost (12 damage)
             ... on level 3 of the Dungeon.
             The game lasted 00:01:44 (1781 turns).

kae the Ruffian (Troll Monk)                        Turns: 1781, Time: 00:01:45

Health: -7/67      AC: 22    Str: 19    XL:     4   Next: 56%
Magic:  3/3        EV:  1    Int:  6    God:
Gold:   92         SH:  0    Dex: 13    Spells: 3/3 levels left

rFire    + . .     SeeInvis .     - Unarmed
rCold    + . .     Gourm    +   (no shield)
rNeg     + + +     Faith    .   (armour currently unavailable)
rPois    +         Spirit   .   (helmet currently unavailable)
rElec    +         Reflect  .   (cloak currently unavailable)
rCorr    +         Harm     .   (gloves unavailable)
MR       .....     NoTele   +   (boots unavailable)
Stlth    ++........             (no amulet)
HPRegen  0.61/turn              (no ring)
MPRegen  0.08/turn              (no ring)

@: lethally poisoned (-7 -> -7), tree-form, resistant
A: large, unfitting armour, fast metabolism 3, gourmand, regeneration 1
a: no special abilities


You were on level 3 of the Dungeon.
You were not hungry.
You were a tree.
You visited 1 branch of the dungeon, and saw 3 of its levels.

You collected 92 gold pieces.

Inventory:

Armour
 a - a +0 robe (melded)
Wands
 n - a wand of clouds (9)
Scrolls
 e - a scroll of teleportation
 f - a scroll of enchant weapon
 h - a scroll of enchant armour {unknown}
 j - a scroll of amnesia {unknown}
 l - a scroll of blinking {unknown}
 m - 3 scrolls of remove curse
Potions
 c - a potion of berserk rage
 d - 2 potions of lignification
 i - a potion of resistance
Comestibles
 b - 3 bread rations
 g - 4 fruits
 k - a meat ration
 o - 2 chunks of flesh


   Skills:
 + Level 3.0 Fighting
 + Level 1.0 Armour
 + Level 2.9 Dodging
 - Level 1.0 Stealth
 * Level 4.2 Unarmed Combat


You had 3 spell levels left.
You didn't know any spells.

Dungeon Overview and Level Annotations

Branches:
Dungeon (3/15)

Altars:
Hepliaklqana
Xom
Yredelemnul

Annotations:
D:3 kae's ghost, amateur TrMo


Innate Abilities, Weirdness & Mutations

You are too large for most types of armour.
((You have claws for hands.))
Your metabolism is lightning-fast.
You like to eat raw meat.
Your natural rate of healing is unusually fast.
((You are covered in fur. (AC +1)))
((You have very tough skin. (AC +2)))


Message History

You are too injured to fight recklessly!
You are too injured to fight recklessly!
You are too injured to fight recklessly!
You are too injured to fight recklessly!
You scratch kae's ghost but do no damage.
Kae's ghost is moderately damaged.
Kae's ghost hits you!!
* * * LOW HITPOINT WARNING * * *
You closely miss kae's ghost.
Kae's ghost is moderately damaged.
Kae's ghost hits you.
* * * LOW HITPOINT WARNING * * *
It was a potion of lignification.
You turn into a tree.
Your +0 robe melds into your body.
Your roots penetrate the ground.
You feel sick.
Kae's ghost hits you but does no damage.
It was a potion of resistance.
You feel protected. Kae's ghost hits you!
You die...

####..........
.............
............ .###
########.......)..
...........##..........
.... #...#))........
#..#####..(.[%.......
###......).............
.......<(#.....♣......#
#####...##.....W.....#
#.#...............
#######.##...##........#
#.......#...............
..........##..#.##....#.
.........###..#.. ......
.........###.?## ....#.
............ .#


You could see kae's ghost.

Vanquished Creatures
  4 adders
  2 leopard geckos (D:1)
  An orc (D:3)
  3 giant cockroaches
  10 goblins
  7 hobgoblins
  4 jackals
  14 kobolds
  2 ball pythons
  7 bats
  8 rats
  A spectral orc (D:2)
63 creatures vanquished.

Notes
Turn   | Place    | Note
-------+----------+-------------------------------------------
     0 | D:1      | kae the Troll Monk began the quest for the Orb.
     0 | D:1      | Reached XP level 1. HP: 22/22 MP: 0/0
   103 | D:1      | Reached XP level 2. HP: 21/29 MP: 1/1
   512 | D:1      | Reached XP level 3. HP: 32/36 MP: 2/2
  1075 | D:2      | Reached skill level 4 in Unarmed Combat
  1091 | D:2      | Reached XP level 4. HP: 42/44 MP: 3/3
  1245 | D:2      | Found a hazy altar of Hepliaklqana.
  1246 | D:2      | Found a shimmering altar of Xom.
  1246 | D:2      | Noticed a hungry ghost
  1247 | D:2      | Noticed a hungry ghost
  1247 | D:2      | Noticed a spectral ugly thing
  1502 | D:2      | Found a basalt altar of Yredelemnul.
  1757 | D:3      | Reached skill level 1 in Armour
  1760 | D:3      | Noticed kae's ghost (amateur TrMo)
  1781 | D:3      | Mangled by kae's ghost

Vault maps used:
D:1:      elethiomel_arrival_infinity_welcomes_careful_drivers,
          kennysheep_flooded_box
D:2:      regret_index_temple_of_mockery, yredelemnul_forgotten_temple_becter
D:3:      nicolae_ru_sacrificial_ziggurat

Skill      XL: |  1  2  3  4 |
---------------+-------------+-----
Unarmed Combat | 4 |  4.2
Fighting       | 3 |  3.0
Armour         | 1 |  1.0
Dodging        | |  2.9
Stealth        | |  1.0

Action                   |  1- 3 |  4- 6 || total
-------------------------+-------+-------++-------
Melee: Unarmed           |    77 |    52 ||   129
       Punch             |     2 |     1 ||     3
  Use: Scroll            |     5 |       ||     5
       Potion            |       |     2 ||     2
 Stab: Sleeping          |     1 |     1 ||     2
  Eat: Chunk             |     9 |     4 ||    13
Armor: Robe              |    18 |    20 ||    38
       Skin              |       |     1 ||     1
Dodge: Dodged            |    37 |    23 ||    60

Table legend:
 A = Spawn XP
 B = Non-spawn XP
 C = Spawn XP percentage of total XP
 D = Spawn monster count
 E = Non-spawn monster count
 F = Spawn count percentage of total count
 G = Total turns spent on level
                    A         B        C        D         E        F      G
               +---------+---------+-------+---------+---------+-------+---------
         Total |       0 |     153 |   0.0 |       0 |      63 |   0.0 |  1781
               +---------+---------+-------+---------+---------+-------+---------
           D:1 |       0 |      59 |   0.0 |       0 |      34 |   0.0 |   933
           D:2 |       0 |      65 |   0.0 |       0 |      19 |   0.0 |   746
           D:3 |       0 |      29 |   0.0 |       0 |      10 |   0.0 |   102
               +---------+---------+-------+---------+---------+-------+---------
